 Dungeon Crawl Stone Soup version 0.28-a0-1447-ga5a8893891 (webtiles) character file.

Game seed: 470009429616786049

35 leviel the Chopper (level 3, -1/31 HPs)
             Began as a Hill Orc Fighter on Jan 11, 2022.
             Slain by a ball python (2 damage)
             ... on level 4 of the Dungeon.
             The game lasted 00:01:13 (1196 turns).

leviel the Chopper (Hill Orc Fighter)               Turns: 1196, Time: 00:01:14

Health: -1/31      AC:  6    Str: 18    XL:     3   Next: 35%
Magic:  3/3        EV:  6    Int: 10    God:
Gold:   88         SH:  4    Dex: 10    Spells: 2/2 levels left

rFire   . . .      SeeInvis .   a - +0 war axe
rCold   . . .      Faith    .   c - +0 buckler
rNeg    . . .      Spirit   .   b - +0 scale mail
rPois   .          Reflect  .   (no helmet)
rElec   .          Harm     .   (no cloak)
rCorr   .          Rampage  .   (no gloves)
Will    .....                   (no boots)
Stlth   ..........              (no amulet)
HPRegen 0.10/turn               (no ring)
MPRegen 0.08/turn               (no ring)

@: lethally poisoned (-1 -> -6), constricted
A: no striking features
a: Convert to Beogh


You were on level 4 of the Dungeon.
You visited 1 branch of the dungeon, and saw 3 of its levels.

You collected 88 gold pieces.

Inventory:

Hand Weapons
 a - a +0 war axe (weapon)
Missiles
 g - 11 poisoned darts (quivered)
Armour
 b - a +0 scale mail (worn)
 c - a +0 buckler (worn)
Scrolls
 e - a scroll of amnesia {unknown}
 h - a scroll of silence {unknown}
 i - a scroll of summoning {unknown}
 j - a scroll of enchant weapon {unknown}
Potions
 d - a potion of might
 f - a potion of curing {unknown}


   Skills:
 - Level 3.6 Fighting
 + Level 4.9 Axes
 - Level 3.2 Armour
 - Level 3.2 Shields


You had 2 spell levels left.
You didn't know any spells.
Your spell library contained the following spells:

 Spells                   Type           Power      Damage    Failure   Level
 Call Canine Familiar     Summ           0%         N/A       99%         3
 Portal Projectile        Hex/Tloc       0%         N/A       99%         3
 Leda's Liquefaction      Hex/Erth       0%         N/A       100%        4


Dungeon Overview and Level Annotations

Branches:
Dungeon (2/15)

Altars:


Message History

You are too injured to fight recklessly!
You are too injured to fight recklessly!
There are monsters nearby!
You can't go up here!
The orc priest barely misses you.
The orc priest hits you but does no damage.
The orc hits you but does no damage.
Found 12 stones.
The orc priest looks satisfied for a moment.
The orc barely misses you. The orc hits you with a +0 short sword.
You block the ball python's attack. The ball python grabs you.
The ball python constricts you.
You closely miss the scorpion. You barely miss the orc.
You closely miss the orc. You barely miss the ball python.
The orc hits you with a +0 short sword. The ball python closely misses you.
The ball python constricts you. The scorpion stings you.
You escape the ball python's grasp.
The ball python bites you. The ball python barely misses you.
You barely miss the orc. You barely miss the orc priest.
You closely miss the ball python. You closely miss the scorpion.
You barely miss the orc. The scorpion barely misses you. The orc misses you.
The orc priest hits you but does no damage.
The ball python barely misses you. The ball python grabs you.
The ball python constricts you. The orc hits you with a +0 short sword.
The scorpion stings you.
* * * LOW HITPOINT WARNING * * *
You are lethally poisoned!
The scorpion poisons you! The orc hits you with a +0 dagger.
* * * LOW HITPOINT WARNING * * *
The orc priest threatens, "By the altar or by the axe, you will meet Beogh!"
The orc priest barely misses you.
You closely miss the orc priest. You closely miss the ball python.
You slash the scorpion! You hit the orc but do no damage.
The orc priest shouts, "Beogh is our master!
Accept the truth or die!"
You slash the orc!
You kill the orc!
* * * LOW HITPOINT WARNING * * *
You feel very sick. The ball python bites you.
You die...

# #. ##. #####
.#...####)@o####..#
.........oSsZ......
.........oo<...(..
.#..##.........##
#.............#
#...........###
#.............
.....>...........
....####.##.......


You could see a scorpion, an orc priest, 3 orcs, a ball python and a centaur
skeleton.

Vanquished Creatures
  A worm (D:2)
  3 dart slugs (D:1)
  An orc (D:4)
  3 ball pythons
  3 endoplasms
  2 goblins (D:1)
  3 hobgoblins (D:1)
  2 bats (D:1)
  2 frilled lizards (D:1)
  3 kobolds (D:1)
  3 rats (D:1)
26 creatures vanquished.

Vanquished Creatures (others)
  3 fungi (D:1)
3 creatures vanquished.

Grand Total: 29 creatures vanquished

Notes
Turn   | Place    | Note
-------+----------+-------------------------------------------
     0 | D:1      | leviel the Hill Orc Fighter began the quest for the Orb.
     0 | D:1      | Reached XP level 1. HP: 19/19 MP: 1/1
    59 | D:1      | Reached skill level 3 in Axes
   189 | D:1      | Reached XP level 2. HP: 21/26 MP: 2/2
   434 | D:1      | Reached skill level 4 in Axes
   955 | D:1      | Reached XP level 3. HP: 31/31 MP: 3/3
  1061 | D:1      | Found a faded altar of an unknown god.
  1184 | D:2      | You fall into a shaft and drop 2 floors!
  1185 | D:4      | Noticed a scorpion
  1196 | D:4      | HP: 1/31 [poisoned by a scorpion]
  1196 | D:4      | Slain by a ball python

Illustrated notes

Levels and vault maps discovered:
D:1:      wheals_arrival_linesprint, layout_basic,
          shapermc_ecumenical_altar_hornbeckon
D:2:      layout_rooms, basic_altar, guppyfry_early_orc_mine,
          uniq_crazy_yiuf_cottage, uniq_terence, uniq_sigmund
D:4:      layout_cave_pools, uniq_ijyb, uniq_edmund

Skill      XL: |  1  2 |
---------------+-------+-----
Axes           | 3 4 |  4.9
Fighting       | |  3.6
Armour         | |  3.2
Shields        | |  3.2

Action                   || total
-------------------------++-------
Melee: War axe           ||    67
Armor: Scale mail        ||    37
Dodge: Dodged            ||    36
Block: Buckler           ||     9

Table legend: (Time is in decaauts)
 A = Elapsed time spent in this place.
 B = Non-inter-level travel time spent in this place.
 C = Inter-level travel time spent in this place.
 D = Time resting spent in this place.
 E = Time spent auto-exploring this place.
 F = Levels seen in this place.
 G = Mean time per level.
                   A        B        C        D        E       F      G
               +--------+--------+--------+--------+--------+-----+--------+
         Total |   1225 |   1191 |     34 |      0 |   1006 |   3 |  408.3 |
       Dungeon |   1225 |   1191 |     34 |      0 |   1006 |   3 |  408.3 |
               +--------+--------+--------+--------+--------+-----+--------+

Top non-repeatable levels by time:
     D:1: 1139 daAuts
     D:2: 72 daAuts
     D:4: 13 daAuts
